 Dungeon Crawl Stone Soup version 0.23.2-33-g5129a83184 (webtiles) character file.

Game seed: 17747225956178551482

49 DildoBatman the Magician (level 4, -1/30 HPs)
             Began as a Formicid Wizard on July 22, 2019.
             Slain by a quokka (5 damage)
             ... on level 2 of the Dungeon.
             The game lasted 00:06:10 (1576 turns).

DildoBatman the Magician (Formicid Wizard)          Turns: 1576, Time: 00:06:10

Health: -1/30      AC:  4    Str: 12    XL:     4   Next: 2%
Magic:  2/8        EV: 12    Int: 18    God:
Gold:   122        SH:  0    Dex:  7    Spells: 2/9 levels left

rFire    . . .     SeeInvis +   i - +0 club
rCold    . . .     Gourm    .   (no shield)
rNeg     . . .     Faith    .   a - +0 robe
rPois    .         Spirit   .   (helmet unavailable)
rElec    .         Reflect  .   d - +0 cloak
rCorr    .         Harm     .   A - +0 pair of gloves
MR       .....                  (no boots)
Stlth    ++........             (no amulet)
HPRegen  0.10/turn              b - -2 ring of dexterity (curse)
MPRegen  0.11/turn              (no ring)

@: very slightly contaminated
A: permanent stasis, dig shafts and tunnels, four strong arms, antennae 3
a: Dig, Shaft Self


You were on level 2 of the Dungeon.
You were not hungry.

You visited 1 branch of the dungeon, and saw 2 of its levels.

You collected 122 gold pieces.

Inventory:

Hand Weapons
 i - a +0 club (weapon)
Missiles
 e - 51 stones (quivered)
 g - 18 bolts
 p - 10 sling bullets
 w - 8 tomahawks
Armour
 a - a +0 robe (worn)
 c - a +0 buckler
 d - a +0 cloak (worn)
 A - a +0 pair of gloves (worn)
Jewellery
 b - a cursed -2 ring of dexterity (left hand)
Scrolls
 f - a scroll of noise {unknown}
 h - a scroll of identify {unknown}
 j - a scroll of blinking {unknown}
 n - 2 scrolls of teleportation {unknown}
 r - a scroll of random uselessness {unknown}
 t - a scroll of enchant armour {unknown}
 y - a scroll of remove curse {unknown}
Potions
 k - a potion of curing {unknown}
 m - 2 potions of agility {unknown}
 o - a potion of berserk rage {unknown}
 q - a potion of mutation {unknown}
 s - a potion of degeneration {unknown}
 u - a potion of flight {unknown}
 x - a potion of lignification {unknown}
 z - 2 potions of resistance {unknown}
Comestibles
 l - a chunk of flesh
 v - 4 rations


   Skills:
 - Level 1.7 Dodging
 - Level 2.4 Stealth
 - Level 3.2 Spellcasting
 * Level 3.2 Conjurations
   Level 1.0 Summonings
   Level 0.8 Translocations


You had 2 spell levels left.
You knew the following spells:

 Your Spells              Type           Power        Failure   Level  Hunger
a - Conjure Flame         Conj/Fire      #.......     24%         3    ###....
c - Magic Dart            Conj           ##..         4%          1    None
e - Mephitic Cloud        Conj/Pois/Air  #.......     30%         3    ###....

Your spell library contained the following spells:

 Spells                   Type           Power        Failure   Level  Hunger
 Call Imp                 Summ           #.......     16%         2    ##.....
 Slow                     Hex            #.......     24%         2    ##.....
 Blink                    Tloc           Unusable     N/A         2    N/A

Dungeon Overview and Level Annotations

Branches:
Dungeon (2/15)

Altars:
Qazlal
Vehumet


Innate Abilities, Weirdness & Mutations

You cannot be hasted, slowed, berserked, paralysed or teleported.
You can dig through walls and to a lower floor.
Your four strong arms can wield two-handed weapons with a shield.
You have a pair of large antennae on your head. (SInv)


Message History

The quokka bites you. What are your orders? t - Shout!
Orders for allies: a - Attack new target. r - Retreat! s - Stop attacking. g - Guard the area. f - Follow me.
Anything else - Cancel.
You shout for attention!
The hobgoblin closely misses you.
The quokka bites you but does no damage.
What are your orders? t - Shout!
Orders for allies: a - Attack new target. r - Retreat! s - Stop attacking. g - Guard the area. f - Follow me.
Anything else - Cancel.
You shout for attention!
The hobgoblin barely misses you. The quokka bites you.
You die...

#.......$.. ### .........
{ ..# ............ ..#
........... <.#
#...#...... ..#
#.$.#...... ..#
#...#..... ..#
############...#.... ..#
#...........@g..#
..###.#.###......r..#
....รท.#...#.........####
##.####.#.#............#
...# #.#.#..........#.#
#### #.#.#...#...##.....
# ###.#.#####...# ##...#
# ###.#.#.# #...# ##.# #
#.....#.## #...# .


You could see a quokka and a hobgoblin.

Vanquished Creatures
  An adder (D:2)
  2 oozes
  2 worms (D:2)
  A dart slug (D:2)
  2 giant cockroaches (D:2)
  2 hobgoblins (D:1)
  4 bats
  A frilled lizard (D:2)
  5 goblins
  4 kobolds
  2 rats
26 creatures vanquished.

Notes
Turn   | Place    | Note
-------+----------+-------------------------------------------
     0 | D:1      | DildoBatman the Formicid Wizard began the quest for the
                  | Orb.
     0 | D:1      | Reached XP level 1. HP: 13/13 MP: 4/4
    47 | D:1      | You fall through a shaft!
    68 | D:1      | Reached skill level 1 in Conjurations
   264 | D:1      | Reached XP level 2. HP: 3/19 MP: 0/6
   604 | D:2      | Found a stormy altar of Qazlal.
   618 | D:2      | Found a radiant altar of Vehumet.
   901 | D:2      | Reached XP level 3. HP: 23/24 MP: 3/7
   906 | D:2      | Learned a level 3 spell: Conjure Flame
   910 | D:2      | Learned a level 3 spell: Mephitic Cloud
  1558 | D:2      | Reached XP level 4. HP: 23/30 MP: 0/8
  1576 | D:2      | Slain by a quokka

Skill      XL: |  1  2  3 |
---------------+----------+-----
Conjurations   | 1 2 3 |  3.2
Dodging        | |  1.7
Stealth        | |  2.4
Spellcasting   | |  3.2
Summonings     | |  1.0
Translocations | |  0.8

Action                   |  1- 3 |  4- 6 || total
-------------------------+-------+-------++-------
Melee: Club              |    28 |       ||    28
 Cast: Magic Dart        |    49 |     1 ||    50
       Conjure Flame     |     5 |       ||     5
       Mephitic Cloud    |     4 |       ||     4
 Abil: Dig               |    12 |       ||    12
 Stab: Confused          |     1 |       ||     1
  Eat: Chunk             |     5 |       ||     5
Armor: Robe              |    17 |     4 ||    21
Dodge: Dodged            |    28 |    21 ||    49
